 Dungeon Crawl Stone Soup version 0.31-a0-75-g6fe912e8c5 (webtiles) character file.

Game seed: 18235422870238662987

124 senseless the Trooper (level 4, -5/41 HPs)
             Began as a Minotaur Fighter on May 23, 2023.
             Was a Follower of Okawaru.
             Killed from afar by Natasha (8 damage)
             ... with a magic dart
             ... on level 2 of the Dungeon.
             The game lasted 00:03:17 (1064 turns).

senseless the Trooper (Minotaur Fighter)            Turns: 1064, Time: 00:03:18

Health: -5/41      AC: 11    Str: 19 (22) XL:     4   Next: 81%
Magic:  3/3        EV:  9    Int:  8 (9)  God:    Okawaru [*.....]
Gold:   104        SH:  6    Dex:  5 (8)  Spells: 3/3 levels left

rFire   . . .        a - +0 war axe
rCold   . . .        g - +2 buckler
rNeg    . . .        b - +0 scale mail
rPois   .            (helmet restricted)
rElec   .            (no cloak)
rCorr   .            (no gloves)
SInv    .            (no boots)
Will    .....        (no amulet) Stlth
                     (no ring)
HPRegen 0.26/turn    (no ring)
MPRegen 0.08/turn

%: no passive effects
@: slowed, invisible, very slow
A: horns 2, retaliatory headbutt, iridescent scales 2, clever 1
a: Renounce Religion, Heroism


You were on level 2 of the Dungeon.
You worshipped Okawaru.
Okawaru was aware of your devotion.
You visited 1 branch of the dungeon, and saw 2 of its levels.

You collected 104 gold pieces.

Inventory:

Hand Weapons
 a - a +0 war axe (weapon)
Armour
 b - a +0 scale mail (worn)
 g - a +2 buckler (worn)
Scrolls
 c - a scroll of identify {unknown}
 h - a scroll of immolation {unknown}
 i - 2 scrolls of magic mapping {unknown}
 j - a scroll of enchant weapon {unknown}
 m - a scroll of noise {unknown}
Potions
 d - a potion of might
 k - a potion of lignification {unknown}
 l - a potion of degeneration
 n - a potion of heal wounds {unknown}
 o - a potion of enlightenment {unknown}


   Skills:
 + Level 4.6 Fighting
 + Level 3.7 Axes
 + Level 4.5 Armour
 + Level 4.5 Shields


You had 3 spell levels left.
You didn't know any spells.
Your spell library was empty.

Dungeon Overview and Level Annotations

Branches:
Dungeon (2/15)

Altars:
Okawaru

Annotations:
D:2 Natasha, Sigmund


Innate Abilities, Weirdness & Mutations

You have a pair of horns on your head.
You reflexively headbutt those who attack you in melee.
You are mostly covered in iridescent scales. (AC +4)
Your mind is acute. (Int +4, Str/Dex -1)


Message History

Iridescent scales spread over more of your body.
Sigmund gestures at you while chanting.
The puff of flame hits Natasha!
The grasping roots constrict you. Natasha claws you but does no damage.
Sigmund hits you from afar with a +0 scythe.
* * * LOW HITPOINT WARNING * * *
The grasping roots constrict you.
It was a potion of degeneration.
There was something very wrong with that liquid.
You feel weakened.
You feel dopey.
You feel clumsy.
You feel less confused.
Natasha mumbles some strange words.
Natasha claws you.
* * * LOW HITPOINT WARNING * * *
Sigmund barely misses you. The grasping roots constrict you.
The grasping roots release their grip on you.
Found 4 gold pieces.
Natasha claws you but does no damage.
Sigmund zaps a wand.
The roots erupt in riotous growth!
Natasha is unaffected.
The grasping roots grab you!
Sigmund is unaffected.
The grasping roots constrict you.
* * * LOW HITPOINT WARNING * * *
You escape the roots grasp.
Natasha attacks as you move away! Natasha barely misses you.
Natasha casts a spell at you.
You feel as though you will be slow longer.
Natasha howls an incantation.
Natasha shimmers violently.
Natasha stares at you and mumbles some strange words.
You feel as though you will be slow longer.
Found a robe.
Natasha stares at you and mumbles some strange words.
The magic dart hits you but does no damage.
Sigmund gestures at you while chanting. The magic dart hits you.
* * * LOW HITPOINT WARNING * * *
Natasha stares at you and mumbles some strange words.
The magic dart hits you but does no damage.
Natasha stares at you and mumbles some strange words.
The magic dart hits you!
You die...

####.##.#.........#.......
##.....#...........######(.
##.......##...####### #..
#.....(...#......#
#.........#......#
#.........#......#
#.........#..<...#
#.....@...#......#
#..)......#@.....#
#......5h........#
#..................
#.........##....[..
#.........# .......
##.......## .......
##.$...## ....... ######
....... ....


You could see Natasha and a cerulean imp (summoned, unable to see you).

Vanquished Creatures
  Natasha (twice) (D:2)
  4 adders (D:2)
  A dart slug (D:2)
  5 endoplasms
  A giant cockroach (D:1)
  4 goblins
  2 hobgoblins
  4 jackals (D:1)
  A kobold (D:1)
  2 quokkas
  3 bats
  2 frilled lizards (D:1)
  5 rats
36 creatures vanquished.

Notes
Turn   | Place    | Note
-------+----------+-------------------------------------------
     0 | D:1      | senseless the Minotaur Fighter began the quest for the Orb.
     0 | D:1      | Reached XP level 1. HP: 19/19 MP: 0/0
   142 | D:1      | Found a faded altar of an unknown god.
   162 | D:1      | Reached XP level 2. HP: 27/27 MP: 1/1
   179 | D:1      | Prayed at the altar of an unknown god.
   179 | D:1      | Became a worshipper of Warmaster Okawaru
   179 | D:1      | Reached * piety under Okawaru
   770 | D:2      | Noticed Natasha
   777 | D:2      | Killed Natasha
   778 | D:2      | Reached XP level 3. HP: 30/33 MP: 2/2
   787 | D:2      | Reached XP level 4. HP: 38/41 MP: 3/3
   809 | D:2      | Noticed Natasha
   820 | D:2      | Killed Natasha
  1050 | D:2      | Noticed Natasha
  1052 | D:2      | Noticed Sigmund
  1058 | D:2      | Gained mutation: Your mind is acute. (Int +4, Str/Dex -1)
                  | [potion of mutation]
  1058 | D:2      | Gained mutation: You are partially covered in iridescent
                  | scales. (AC +2) [potion of mutation]
  1058 | D:2      | Gained mutation: You are mostly covered in iridescent
                  | scales. (AC +4) [potion of mutation]
  1064 | D:2      | Killed from afar by Natasha

Illustrated notes

Levels and vault maps discovered:
D:1:      dpeg_arrival_tiny_g, layout_basic, shapermc_ecumenical_altar_pompeii
D:2:      layout_rooms, uniq_natasha, uniq_sigmund

Skill      XL: |  1  2 |
---------------+-------+-----
Fighting       | 4 |  4.6
Shields        | 4 |  4.5
Armour         | 4 |  4.5
Axes           | 3 |  3.7

Action                     |  1- 3 |  4- 6 || total
---------------------------+-------+-------++-------
  Melee: War axe           |    64 |    26 ||    90
         Headbutt          |     5 |       ||     5
    Use: Potion            |       |     3 ||     3
 Armour: Scale mail        |    35 |    15 ||    50
  Dodge: Dodged            |    26 |    18 ||    44
  Block: Buckler           |    24 |    10 ||    34

Table legend: (Time is in decaauts)
 A = Elapsed time spent in this place.
 B = Non-inter-level travel time spent in this place.
 C = Inter-level travel time spent in this place.
 D = Time resting spent in this place.
 E = Time spent auto-exploring this place.
 F = Levels seen in this place.
 G = Mean time per level.
                   A        B        C        D        E       F      G
               +--------+--------+--------+--------+--------+-----+--------+
         Total |   1101 |   1080 |     21 |      0 |    811 |   2 |  550.5 |
       Dungeon |   1101 |   1080 |     21 |      0 |    811 |   2 |  550.5 |
               +--------+--------+--------+--------+--------+-----+--------+

Top non-repeatable levels by time:
     D:1: 704 daAuts
     D:2: 396 daAuts
